AoeStats
← bro

African Clearing

510411159Analyzed
4v4 RM · 1d ago on Sep 30, 2026· 65m 26s· 8 players
Game mode
Random Map
Map size
Large (8 player)
Population
200
Speed
Normal
Resources
Standard
Victory
Conquest
Starting age
Dark Age
Ending age
Imperial Age
RankedLock teamsTeams togetherTeam positionsShared explorationLock speedFull tech treeHidden civsTurbo modeCheats
Victory
Defeat
🇫🇷 Cumans · France
1070
+15
🇭🇷 Britons · Croatia
1053
+16
🇪🇸 Sicilians · Spain
1033
+17
🇨🇳 Huns · China
1010
+17
🇨🇦 Lithuanians · Canada
1071
-17
🇺🇸 Japanese · United States
1048
-16
🇨🇦 Franks · Canada
1038
-16
🇫🇷 Saxons · France
1029
-16
duval0408
4:14 Loom
14:06 Feudal Age
44:37 Castle Age
51:57 Wheelbarrow
52:22 Gold Mining
56:03 Double-Bit Axe
60:08 Imperial Age
60:05 Scale Barding Armor
60:11 Forging
60:27 Cavalier
63:20 Iron Casting
{MAMP} Todd Chavez
4:15 Loom
14:28 Feudal Age
16:30 Double-Bit Axe
17:07 Town Watch
21:26 Castle Age
22:00 Scale Mail Armor
22:11 Forging
21:52 Fletching
22:03 Padded Archer Armor
24:47 Horse Collar
25:19 Bow Saw
25:24 Squires
27:54 Heavy Plow
31:11 Ballistics
32:38 Bodkin Arrow
32:59 Chain Mail Armor
33:40 Thumb Ring
35:13 Leather Archer Armor
35:33 Iron Casting
36:33 Wheelbarrow
36:17 Pikeman
38:02 Gold Mining
38:03 Stone Mining
38:41 Gambesons
40:18 Murder Holes
40:04 Treadmill Crane
43:21 Imperial Age
41:55 Town Patrol
42:40 Hand Cart
44:53 Parthian Tactics
44:51 Bracer
45:21 Ring Archer Armor
46:34 Two-Man Saw
46:11 Gold Shaft Mining
46:28 Plate Mail Armor
45:39 Heavy Cavalry Archer
47:24 Conscription
49:01 Chemistry
48:08 Siege Engineers
49:04 Blast Furnace
49:04 Husbandry
49:14 Bloodlines
51:20 Scale Barding Armor
52:35 Hoardings
51:21 Elite Samurai
51:26 Elite Skirmisher
52:52 Kataparuto
53:05 Caravan
54:12 Kataparuto
55:15 Halberdier
56:33 Guard Tower
56:28 Arrowslits
56:52 Yasama
BiggM4k
8:23 Loom
16:04 Feudal Age
20:12 Castle Age
18:15 Double-Bit Axe
18:54 Stone Mining
21:50 Bow Saw
22:56 Wheelbarrow
25:09 Fletching
27:25 Scale Barding Armor
31:28 Chain Barding Armor
31:19 Forging
32:14 Horse Collar
32:43 Fishing Lines
33:01 Gold Mining
35:32 Iron Casting
37:58 Hand Cart
42:04 Imperial Age
40:03 Bloodlines
39:54 Husbandry
44:45 Light Cavalry
46:54 Plate Barding Armor
47:21 Elite Leitis
48:41 Bodkin Arrow
49:25 Winged Hussar
Triceratops
7:37 Loom
17:15 Feudal Age
22:19 Castle Age
20:12 Double-Bit Axe
20:10 Horse Collar
21:04 Arson
21:21 Scale Mail Armor
24:25 Squires
24:11 Gambesons
27:46 Heavy Plow
29:02 Bow Saw
30:02 Gold Mining
33:56 Pikeman
34:50 Forging
39:56 Wheelbarrow
39:07 Town Watch
40:49 Chain Mail Armor
42:04 Caravan
42:32 Hand Cart
45:57 Imperial Age
43:04 Man-at-Arms
45:49 Long Swordsman
47:06 Iron Casting
47:55 Elite Varangian Guard
49:23 Conscription
49:48 Plate Mail Armor
52:20 Fletching
52:31 Padded Archer Armor
52:00 Shield Wall
53:41 Guilds
53:35 Shield Wall
53:37 Elite Hearth Troop
55:08 Town Patrol
55:31 Bodkin Arrow
55:52 Leather Archer Armor
56:35 Bracer
56:00 Capped Ram
56:45 Halberdier
59:43 Hoardings
61:14 Coinage
61:40 Clerical Recruitment
63:08 Gold Shaft Mining
62:23 Stone Mining
63:07 Crop Rotation
63:39 Two-Man Saw
62:41 Murder Holes
63:09 Ballistics
63:49 Chemistry
62:30 Treadmill Crane
63:01 Masonry
62:57 Siege Engineers
63:06 Fortified Wall
63:24 Two-Handed Swordsman
NathiousEsp
3:20 Loom
13:48 Feudal Age
28:00 Horse Collar
28:59 Wheelbarrow
33:36 Castle Age
33:16 Double-Bit Axe
37:53 Hand Cart
41:37 Imperial Age
39:15 Town Watch
42:56 Scale Mail Armor
43:06 Forging
43:00 Squires
42:47 Arson
44:31 Chain Mail Armor
44:10 Fletching
46:42 Capped Ram
48:16 Siege Ram
53:12 Plate Mail Armor
53:17 Iron Casting
54:13 Pikeman
57:18 Iron Casting
58:13 Heavy Plow
Filip_jede_Meso
6:07 Loom
15:52 Feudal Age
19:54 Castle Age
18:23 Double-Bit Axe
22:46 Padded Archer Armor
28:52 Bow Saw
28:24 Horse Collar
29:14 Stone Mining
29:52 Fletching
30:17 Leather Archer Armor
31:16 Bodkin Arrow
31:10 Town Watch
33:08 Wheelbarrow
34:32 Yeomen
34:58 Gold Mining
36:35 Ballistics
37:40 Hand Cart
42:41 Imperial Age
40:57 Gold Shaft Mining
42:53 Fortified Wall
42:38 Murder Holes
42:54 Masonry
44:17 Bracer
44:48 Ring Archer Armor
45:19 Chemistry
44:25 Siege Engineers
45:48 Hoardings
45:36 Conscription
46:13 Warwolf
46:56 Conscription
47:11 Architecture
47:33 Hoardings
47:00 Elite Longbowman
49:37 Scale Mail Armor
49:48 Forging
50:49 Chain Mail Armor
49:57 Man-at-Arms
50:22 Gambesons
50:38 Squires
50:26 Arson
54:06 Plate Mail Armor
54:12 Iron Casting
52:58 Long Swordsman
54:24 Two-Handed Swordsman
59:58 Blast Furnace
59:42 Champion
Donald Trump
5:35 Loom
16:25 Feudal Age
18:16 Horse Collar
25:43 Castle Age
25:53 Castle Age
25:28 Scale Barding Armor
26:39 Bloodlines
26:56 Forging
27:19 Chain Barding Armor
31:04 Iron Casting
33:08 Wheelbarrow
40:59 Pikeman
56:09 Gold Mining
63:21 Imperial Age
64:16 Caravan
bro
6:04 Loom
8:54 Loom
16:01 Feudal Age
21:03 Castle Age
21:39 Bloodlines
27:46 Horse Collar
32:35 Double-Bit Axe
33:44 Forging
33:39 Scale Barding Armor
38:31 Imperial Age
37:40 Gold Mining
37:40 Stone Mining
39:27 Wheelbarrow
38:37 Town Watch
39:34 Iron Casting
39:19 Chain Barding Armor
39:02 Husbandry
39:52 Conscription
39:51 Cavalier
44:45 Fletching
44:56 Padded Archer Armor
45:04 Thumb Ring
45:24 Parthian Tactics
44:20 Heavy Cavalry Archer
48:02 Bodkin Arrow
48:22 Leather Archer Armor
51:15 Ballistics
51:56 Chemistry
51:11 Light Cavalry
53:33 Bracer
54:34 Blast Furnace
54:10 Plate Barding Armor
53:38 Hussar
55:24 Hand Cart
60:49 Elite Tarkan
61:31 Marauders
Connection lost

Rejoining the realm…

Still unreachable

The connection could not be restored.

Session expired

The server has moved on; the page needs a fresh start.